 Dungeon Crawl Stone Soup version 0.30-a0-177-g1cb5dbfd7a (webtiles) character file.

Game seed: 15345730290836563857

4643 quinnr the Frost Mage (level 10, -2/81 HPs)
             Began as a Naga Ice Elementalist on Oct 2, 2022.
             Was a Priest of Cheibriados.
             Slain by a two-headed ogre
             ... wielding a +0 giant club
              (13 damage)
             ... on level 9 of the Dungeon.
             The game lasted 00:24:17 (9786 turns).

quinnr the Frost Mage (Naga Ice Elementalist)       Turns: 9786, Time: 00:24:18

Health: -2/81      AC: 17    Str: 19    XL:     10   Next: 43%
Magic:  10/17      EV: 11    Int: 27    God:    Cheibriados [***...]
Gold:   313        SH:  6    Dex: 20    Spells: 6/18 levels left

rFire   . . .      SeeInvis +    s - +2 dagger (venom)
rCold   . . .      Faith    .    i - +0 buckler
rNeg    . . .      Spirit   .    E - +0 steam dragon scales
rPois   +          Reflect  .    (no helmet)
rElec   .          Harm     .    f - +0 cloak
rCorr   +          Rampage  .    (no gloves)
Will    ++...                    (no barding)
Stlth   +++.......               (no amulet)
HPRegen 0.33/turn                W - ring of willpower
MPRegen 0.15/turn                R - ring of resist corrosion

@: ice-armoured, very slow
A: AC +3, large, see invisible, deformed body, poison resistance, slowness 2,
spit poison 1, naga tail 1
a: Spit Poison, Renounce Religion, Bend Time, Temporal Distortion


You were on level 9 of the Dungeon.
You worshipped Cheibriados.
Cheibriados was most pleased with you.
You visited 2 branches of the dungeon, and saw 11 of its levels.
You also visited: Sewer.

You collected 313 gold pieces.


Innate Abilities, Weirdness & Mutations

Your serpentine skin is tough. (AC +3)
You have supernaturally acute eyesight. (SInv)
Armour fits poorly on your strangely shaped body.
Your system is resistant to poisons. (rPois)
You cover ground very slowly.
You can spit poison.
You have a snake-like lower body.


   Skills:
 + Level 2.7 Fighting
 + Level 3.0 Dodging
 - Level 3.0 Stealth
 - Level 4.0 Shields
 + Level 4.9 Spellcasting
 - Level 4.0 Summonings
 - Level 12.5 Ice Magic


You had 6 spell levels left.
You knew the following spells:

 Your Spells              Type           Power      Damage    Failure   Level
b - Summon Ice Beast      Ice/Summ       50%        N/A       3%          4
f - Freeze                Ice            100%       1d11      1%          1
o - Ozocubu's Armour      Ice            65%        N/A       1%          3
r - Frozen Ramparts       Ice            100%       1d16      1%          3
z - Summon Small Mammal   Summ           100%       N/A       1%          1

Your spell library contained the following spells:

 Spells                   Type           Power      Damage    Failure   Level
 Ice Form                 Ice/Tmut       40%        N/A       7%          4
 Apportation              Tloc           12%        N/A       9%          1
 Necrotise                Necr           24%        1d5       9%          1
 Cigotuvi's Dreadful Rot  Necr/Pois/Air  12%        N/A       14%         2
 Poisonous Vapours        Pois/Air       12%        N/A       14%         2
 Dazzling Flash           Conj/Hex       12%        N/A       26%         3
 Animate Armour           Summ/Erth      34%        N/A       36%         4
 Iskenderun's Mystic Bla  Conj/Tloc      6%         2d4       65%         4
 Leda's Liquefaction      Hex/Erth       3%         N/A       65%         4
 Iron Shot                Conj/Erth      3%         9d2       100%        6
 Starburst                Conj/Fire      3%         6d3       100%        6

Inventory:

Hand Weapons
 s - a +2 dagger of venom (weapon)
Missiles
 z - 3 silver javelins
 F - a throwing net {=f}
Armour
 a - a +0 robe
 f - a +0 cloak (worn)
 i - a +0 buckler (worn)
 q - a +0 pair of gloves
 E - +0 steam dragon scales (worn)
Jewellery
 D - a +6 ring of dexterity
 R - a ring of resist corrosion (right hand)
 W - a ring of willpower (left hand)
Wands
 y - a wand of iceblast (4)
 C - a wand of digging (2)
Scrolls
 b - 2 scrolls of blinking {unknown}
 e - a scroll of poison {unknown}
 k - a scroll of acquirement {unknown}
 l - a scroll of enchant armour {unknown}
 r - 5 scrolls of identify {unknown}
 t - 3 scrolls of magic mapping
 u - 3 scrolls of teleportation {@r2}
 v - 3 scrolls of immolation {unknown}
 x - a scroll of noise {unknown}
Potions
 c - 2 potions of lignification {unknown}
 d - 3 potions of attraction
 g - 3 potions of curing {unknown}
 h - 2 potions of brilliance {unknown}
 j - 2 potions of degeneration {unknown}
 m - 4 potions of invisibility {unknown}
 n - 3 potions of heal wounds {@q2}
 o - 2 potions of might {unknown}
 p - a potion of cancellation {unknown}
 w - a potion of haste {unknown}
 A - a potion of mutation {unknown}
 B - 2 potions of flight {unknown}

Dungeon Overview and Level Annotations

Branches:
Dungeon (10/15)            Temple (1/1) D:4           Sewer (visited)
   Lair: D:8-11         Orc: D:9-12

Altars:
Ashenzari
Cheibriados
Dithmenos
Fedhas
Gozag
Hepliaklqana
Kikubaaqudgha
Sif Muna
Trog
Uskayaw
Vehumet
Xom
Yredelemnul
Zin
The Shining One

Shops:
D:3 :   D:6 *

Annotations:
D:4 2 runed translucent doors

#.# #.# #.##......#
#.# #.######.##...##.#
#.###........#######.#
#......####..# #.#
#..##.....#..# #.#
#..######.#..# ###
#..# #..# #..#
#..##.#..# #..#
#.@Oooo.o.
#............###o.oo
.......?...Y... oo
###.#.###### .. #. ##
##


You could see a two-headed ogre (ally target), 2 orc priests, 2 orc wizards, 4
orcs and a friendly ice beast (summoned).


Message History

Confirm with . or Enter, or press ? or * to list all spells.
A film of ice covers your body!
The orc wizard shouts!
The orc shouts!
The orc priest invokes the aid of Beogh against you.
Beogh smites you!
* * * LOW HITPOINT WARNING * * *
You hear a shout! x2
Unknown command.
Casting: Ozocubu's Armour (safe; 1% risk of failure)
Confirm with . or Enter, or press ? or * to list all spells.
Okay, then.
Casting: Ozocubu's Armour (safe; 1% risk of failure)
Confirm with . or Enter, or press ? or * to list all spells.
A chill wind blows around you.
The two-headed ogre hits you with a +0 giant club!!
* * * LOW HITPOINT WARNING * * *
You block the two-headed ogre's attack.
An orc priest comes into view. It is wielding a +0 short sword.
An orc comes into view. It is wielding a +0 trident.
The orc wizard mumbles some strange words.
The orc wizard flickers and vanishes for a moment.
Unknown command.
It was a potion of heal wounds.
You feel much better.
The orc priest miscasts a cantrip.
The orc wizard gestures wildly while chanting.
The orc wizard flickers and vanishes for a moment.
The two-headed ogre hits you with a +0 giant club!!
* * * LOW HITPOINT WARNING * * *
The two-headed ogre hits you with a +0 giant spiked club!
You die...

Skill      XL: |  1  2  3  4  5  6  7  8  9 10 |
---------------+-------------------------------+-----
Shields        | 1 2 3 4 |  4.0
Ice Magic      | 5 6 9 12 | 12.5
Spellcasting   | 3 4 |  4.9
Summonings     | 2 3 4 |  4.0
Fighting       | 2 |  2.7
Dodging        | 3 |  3.0
Stealth        | |  3.0

Action                   |  1- 3 |  4- 6 |  7- 9 | 10-12 || total
-------------------------+-------+-------+-------+-------++-------
Melee: Unarmed           |    10 |    17 |       |       ||    27
       Dagger            |       |     7 |    44 |    10 ||    61
 Cast: Freeze            |    58 |    37 |    37 |    15 ||   147
       Frozen Ramparts   |     4 |    45 |    26 |     6 ||    81
       Summon Small Mamm |       |     4 |    23 |     1 ||    28
       Ozocubu's Armour  |       |       |     8 |     6 ||    14
       Summon Ice Beast  |       |       |     2 |     6 ||     8
Evoke: Wand              |       |       |     2 |       ||     2
  Use: Scroll            |     2 |     1 |       |       ||     3
       Potion            |     1 |     1 |       |     1 ||     3
Armor: Robe              |     6 |    20 |    24 |       ||    50
       Steam dragon scal |       |       |     6 |    10 ||    16
Dodge: Dodged            |    24 |    50 |    42 |     9 ||   125
Block: Buckler           |     1 |    14 |    18 |    15 ||    48

Levels and vault maps discovered:
D:1:      minmay_arrival_loop, layout_loops_ring,
          shapermc_ecumenical_altar_notcrosses
D:2:      layout_loops_corners, basic_altar
D:3:      layout_rooms, nicolae_hepliaklqana_monster_ancestors,
          portal_sewer_entry_e, serial_shops, shop, minmay_misc_feat_five,
          minmay_misc_feat_four_crosses
D:4:      layout_cave_pods, mainiacjoe_overflow_24_doors,
          dancing_weapons_uskayaw, jmf_multi_god_temple2,
          minmay_temple_entry_stoned_glass, corexii_hall_statues_l
D:5:      layout_loops_cross
D:6:      layout_loops_ring, serial_aquarium, aquarium_bridge_long_joined
          [aquarium_subvault_bridge, aquarium_subvault_wall,
          aquarium_subvault_wall, aquarium_subvault_balcony,
          aquarium_subvault_wall, aquarium_subvault_wall],
          aquarium_bridge_straight [aquarium_subvault_bridge,
          aquarium_subvault_window, aquarium_subvault_bridge,
          aquarium_subvault_wall], aquarium_window_fake, aquarium_window_1,
          aquarium_window_fake, aquarium_view_2f, aquarium_view_2f,
          aquarium_pool_side, serial_shops, nicolae_shop_stone
D:7:      layout_rooms, lemuel_round_altar, minmay_shattered_shrine, uniq_maggie
D:8:      layout_basic, makhleb_blood_cavern_becter
D:9:      layout_loops_ring, hiddenorc1_lemuel
D:10:     layout_grid_maze, mainiacjoe_overflow_catwalk,
          chequers_temple_overflow_minitemple, erik_lair_island,
          minmay_checkerbox
Temple:   nicolae_temple_ecumenical_triangle

Notes
Turn   | Place    | Note
-------+----------+-------------------------------------------
     0 | D:1      | quinnr the Naga Ice Elementalist began the quest for the
                  | Orb.
     0 | D:1      | Reached XP level 1. HP: 15/15 MP: 3/3
   279 | D:1      | Reached XP level 2. HP: 6/22 MP: 0/5
   424 | D:1      | Got Raitwaly's Spellbook of Earth
   856 | D:1      | Reached XP level 3. HP: 28/28 MP: 3/6
   903 | D:1      | Found a faded altar of an unknown god.
  1296 | D:2      | Found a broken altar of Ashenzari.
  1553 | D:2      | Learned a level 3 spell: Frozen Ramparts
  2283 | D:2      | Reached XP level 4. HP: 36/36 MP: 3/7
  2530 | D:3      | Reached skill level 1 in Shields
  2530 | D:3      | Reached skill level 5 in Ice Magic
  2582 | D:3      | Found Tyukeuky's Book Boutique.
  2655 | D:3      | Reached XP level 5. HP: 28/42 MP: 1/9
  2670 | D:3      | Reached skill level 3 in Spellcasting
  2673 | D:3      | Found a glowing drain.
  2733 | Sewer    | Entered a sewer
  3205 | Sewer    | Reached skill level 2 in Shields
  3912 | D:2      | Learned a level 3 spell: Ozocubu's Armour
  3914 | D:2      | Learned a level 1 spell: Summon Small Mammal
  4269 | D:3      | Reached XP level 6. HP: 47/49 MP: 7/11
  4456 | D:3      | Found a hazy altar of Hepliaklqana.
  4737 | D:4      | Found a staircase to the Ecumenical Temple.
  4775 | Temple   | Entered the Ecumenical Temple
  4816 | Temple   | Became a worshipper of Cheibriados the Contemplative
  4980 | D:4      | Found a large runed translucent door.
  4981 | D:4      | Found a large runed translucent door.
  5007 | D:4      | Found a hide-covered altar of Uskayaw.
  5009 | D:4      | Noticed a +0 hand axe
  5009 | D:4      | Noticed a +0 dagger
  5085 | D:4      | Reached skill level 1 in Summonings
  5224 | D:4      | Found a glowing silver altar of Zin.
  5454 | D:5      | Entered Level 5 of the Dungeon
  5894 | D:5      | Learned a level 4 spell: Summon Ice Beast
  5948 | D:5      | Noticed a water moccasin
  5959 | D:5      | Killed a water moccasin
  5960 | D:5      | Reached skill level 2 in Summonings
  5960 | D:5      | Reached skill level 6 in Ice Magic
  5960 | D:5      | Reached XP level 7. HP: 48/55 MP: 3/12
  6137 | D:5      | Reached skill level 3 in Shields
  6137 | D:5      | Reached skill level 4 in Spellcasting
  6403 | D:5      | Reached * piety under Cheibriados
  6425 | D:5      | Noticed a wyvern
  6431 | D:5      | Killed a wyvern
  6432 | D:5      | Reached skill level 3 in Summonings
  6932 | D:6      | Found Bioru's Assorted Antiques.
  6945 | D:6      | Reached XP level 8. HP: 62/62 MP: 6/14
  7013 | D:6      | Reached skill level 4 in Shields
  7590 | D:7      | Noticed Maggie
  7596 | D:7      | Reached skill level 7 in Ice Magic
  7602 | D:7      | Killed Maggie
  7603 | D:7      | Reached skill level 4 in Summonings
  7603 | D:7      | Reached skill level 8 in Ice Magic
  7979 | D:7      | Reached ** piety under Cheibriados
  7981 | D:7      | Reached skill level 9 in Ice Magic
  8058 | D:7      | Found a shimmering blue altar of Sif Muna.
  8064 | D:7      | Reached XP level 9. HP: 55/68 MP: 8/15
  8427 | D:7      | Noticed a gargoyle
  8434 | D:7      | Killed a gargoyle
  8435 | D:7      | Reached skill level 10 in Ice Magic
  8522 | D:7      | Reached skill level 11 in Ice Magic
  8710 | D:7      | Reached *** piety under Cheibriados
  8713 | D:7      | Noticed a boulder beetle
  8737 | D:7      | Killed a boulder beetle
  8738 | D:7      | Reached skill level 12 in Ice Magic
  8738 | D:7      | Reached XP level 10. HP: 43/75 MP: 3/16
  8937 | D:7      | Reached skill level 1 in Fighting
  8937 | D:7      | Reached skill level 2 in Dodging
  9058 | D:7      | Noticed a two-headed ogre
  9068 | D:7      | Killed a two-headed ogre
  9069 | D:7      | Reached skill level 2 in Fighting
  9345 | D:8      | You fall into a shaft and drop 2 floors!
  9345 | D:10     | Entered Level 10 of the Dungeon
  9659 | D:9      | Reached skill level 3 in Dodging
  9781 | D:9      | Noticed a two-headed ogre
  9785 | D:9      | HP: 8/81 [two-headed ogre/+0 giant club (18)]
  9786 | D:9      | Slain by a two-headed ogre

Vanquished Creatures
  A two-headed ogre (D:7)
  A boulder beetle (D:7)
  A gargoyle (D:7)
  Maggie (D:7)
  A wyvern (D:5)
  A yak (D:7)
  A vampire mosquito (D:7)
  A steam dragon (D:7)
  An acid dragon (D:9)
  A water moccasin (D:5)
  An ice beast (D:7)
  An orc warrior (D:9)
  A sky beast (D:7)
  2 black bears
  An ogre (D:7)
  A centaur (D:9)
  A kobold brigand (D:7)
  3 bullfrogs (D:7)
  A necrophage (D:7)
  3 scorpions
  A howler monkey (D:7)
  3 hounds
  A gnoll bouda (D:7)
  An orc priest (D:7)
  2 iguanas
  6 orc wizards
  4 gnolls (D:5)
  10 adders
  7 river rats
  2 white imps
  A worm (D:2)
  2 dart slugs
  16 orcs
  11 ball pythons
  11 endoplasms
  7 giant cockroaches
  6 hobgoblins
  7 jackals
  15 kobolds
  4 quokkas
  A bat (D:1)
  6 frilled lizards
  5 goblins
  14 rats
  A spectral goblin (D:3)
169 creatures vanquished.

Vanquished Creatures (collateral kills)
  A water moccasin (D:7)
  An ice beast (D:7)
  A jelly (D:6)
  An orc priest (D:7)
  An orc wizard (D:7)
  3 orcs (D:9)
8 creatures vanquished.

Vanquished Creatures (others)
  23 fungi (D:6)
  18 plants
41 creatures vanquished.

Grand Total: 218 creatures vanquished

Table legend: (Time is in decaauts)
 A = Elapsed time spent in this place.
 B = Non-inter-level travel time spent in this place.
 C = Inter-level travel time spent in this place.
 D = Time resting spent in this place.
 E = Time spent auto-exploring this place.
 F = Levels seen in this place.
 G = Mean time per level.
                   A        B        C        D        E       F      G
               +--------+--------+--------+--------+--------+-----+--------+
         Total |  13518 |  13000 |    518 |    373 |  10730 |  12 | 1126.5 |
       Dungeon |  11908 |  11415 |    493 |    326 |   9468 |  10 | 1190.8 |
        Temple |     87 |     62 |     25 |      0 |     56 |   1 |   87.0 |
         Sewer |   1523 |   1523 |      0 |     47 |   1206 |   1 | 1523.0 |
               +--------+--------+--------+--------+--------+-----+--------+

Top non-repeatable levels by time:
     D:7: 2176 daAuts
     D:6: 1678 daAuts
     D:5: 1678 daAuts
     D:2: 1629 daAuts
     D:1: 1537 daAuts
   Sewer: 1523 daAuts
     D:3: 1233 daAuts
     D:4: 1145 daAuts
     D:9: 727 daAuts
  Temple: 87 daAuts
     D:8: 56 daAuts
    D:10: 47 daAuts

Table legend:
 A = Non-vault XP
 B = Vault XP
 C = Vault XP percentage of total XP
 D = Non-vault monster count
 E = Vault monster count
 F = Vault count percentage of total count
                 A         B        C        D         E       F
            +---------+---------+-------+---------+---------+-------
      Total |    3099 |    3534 |  53.3 |     130 |      47 |  26.6
            +---------+---------+-------+---------+---------+-------
        D:1 |      40 |       0 |   0.0 |      25 |       0 |   0.0
        D:2 |      44 |       0 |   0.0 |      17 |       0 |   0.0
        D:3 |      70 |      50 |  41.7 |      19 |      10 |  34.5
        D:4 |      97 |       0 |   0.0 |       6 |       0 |   0.0
        D:5 |     702 |       0 |   0.0 |      15 |       0 |   0.0
        D:6 |     268 |       0 |   0.0 |      10 |       0 |   0.0
        D:7 |    1417 |    3364 |  70.4 |      28 |      13 |  31.7
        D:9 |     461 |       0 |   0.0 |      10 |       0 |   0.0
      Sewer |       0 |     120 | 100.0 |       0 |      24 | 100.0
            +---------+---------+-------+---------+---------+-------
